 Dungeon Crawl Stone Soup version 0.18.1-48-g4cf74bf (webtiles) character file.

277761 lyrx the Axe Maniac (level 20, -5/207 HPs)
             Began as a Hill Orc Berserker on Aug 20, 2016.
             Was the Champion of Trog.
             Slain by an ettin
             ... wielding a +0 dire flail
              (15 damage)
             ... on level 1 of the Depths on Aug 22, 2016.
             The game lasted 06:39:02 (40612 turns).

lyrx the Axe Maniac (Hill Orc Berserker)           Turns: 40612, Time: 06:39:03

Health: -5/207     AC: 20    Str: 44    XL:     20   Next: 81%
Magic:  14/20      EV: 10    Int:  6    God:    Trog [******]
Gold:   1549       SH:  0    Dex: 16    Spells: 0 memorised, 19 levels left

rFire  . . .     SeeInvis +     g - +11 battleaxe of Fixation {chop, Dex+2}
rCold  + . .     Gourm    .     a - +10 plate armour "Hyptyej" {+Fly Slay+3}
rNeg   + + .     Faith    .     (shield currently unavailable)
rPois  .         Spirit   .     L - +2 hat of the High Council {Archmagi, Wiz- Stlth-}
rElec  .         Dismiss  +     l - +2 cloak
rCorr  .         Reflect  .     n - +2 pair of gloves
SustAt .         Harm     .     v - +1 pair of boots of Zigoc {Dex+4}
MR     ++++.                    G - amulet of Bif Hop {Dismiss Str+6 Int-3}
Stlth  ..........               X - ring "Xeafamom" {rC+ rN+ Str+3 Stlth-}
                                N - ring of Haen {rN+ Str+4 SInv}

@: corroded, regenerating, incredibly resistant to hostile enchantments,
extremely unstealthy
A: hooves 1, horns 1, clever 1, magic resistance 1, screaming 1, strong 1, wild
magic 1, evolution 1, sturdy frame 1
a: Berserk, Trog's Hand, Brothers in Arms, Burn Spellbooks, Renounce Religion,
Evoke Flight
}: 1/15 runes: gossamer


You were on level 1 of the Depths.
You worshipped Trog.
Trog was exalted by your worship.
You were not hungry.

You visited 7 branches of the dungeon, and saw 34 of its levels.
You visited the Abyss 2 times.
You also visited: Sewer and Ice Cave.

You collected 4581 gold pieces.
You spent 3032 gold pieces at shops.

Inventory:

Hand Weapons
 g - the +11 battleaxe of Fixation (weapon) {chop, Dex+2}
   (Trog gifted it to you on level 3 of the Spider Nest)

   It inflicts extra damage upon your enemies.
   It affects your dexterity (+2).
 z - the +9 longbow of the Hundredfold Gods {velocity, Int+3 Stlth+}
   (Trog gifted it to you in an ice cave)

   Any arrow fired from it inflicts extra damage.
   It affects your intelligence (+3).
   It makes you more stealthy.
 D - a +3 vampiric battleaxe
 H - a +9 executioner's axe of freezing
Missiles
 e - 659 arrows
Armour
 a - the +10 plate armour "Hyptyej" (worn) {+Fly Slay+3}
   (You bought it in a shop on level 1 of the Depths)

   It affects your accuracy and damage with ranged weapons and melee attacks
   (+3).
   It lets you fly.
 l - a +2 cloak (worn)
 n - a +2 pair of gloves (worn)
 o - a +1 plate armour of fire resistance
 v - the +1 pair of boots of Zigoc (worn) {Dex+4}
   (You acquired it on level 1 of the Elven Halls)

   It affects your dexterity (+4).
 I - a +2 plate armour of cold resistance
 L - the +2 hat of the High Council (worn) {Archmagi, Wiz- Stlth-}
   (You found it on level 3 of the Elven Halls)

   It makes you less stealthy.
Jewellery
 w - an uncursed ring of protection from fire
 A - a +5 ring of evasion
 G - the amulet of Bif Hop (around neck) {Dismiss Str+6 Int-3}
   (You bought it in a shop on level 1 of the Orcish Mines)

   [amulet of dismissal]

   It may teleport away creatures that harm you.
   It affects your strength (+6).
   It affects your intelligence (-3).
 N - the ring of Haen (left hand) {rN+ Str+4 SInv}
   (You bought it in a shop on level 1 of the Orcish Mines)

   [ring of see invisible]

   It affects your strength (+4).
   It protects you from negative energy.
   It lets you see invisible.
 T - the ring "Luteab" {*Confuse +Fly rElec Dex+3}
   (You found it in an ice cave)

   [ring of flight]

   It affects your dexterity (+3).
   It insulates you from electricity.
   It lets you fly.
   It may confuse you when you take damage.
 X - the ring "Xeafamom" (right hand) {rC+ rN+ Str+3 Stlth-}
   (You found it in an ice cave)

   [ring of loudness]

   It affects your strength (+3).
   It protects you from cold.
   It protects you from negative energy.
   It makes you less stealthy.
Wands
 b - a wand of lightning (6/15)
 C - a wand of digging (8/24)
 M - a wand of disintegration (10/24)
 O - a wand of teleportation (1/9)
 S - a wand of heal wounds (3/9)
Scrolls
 d - 16 scrolls of identify
 f - 4 scrolls of fear
 q - 11 scrolls of remove curse
 r - 5 scrolls of recharging
 s - 4 scrolls of teleportation
 u - 6 scrolls of magic mapping
Potions
 h - 2 potions of resistance
 p - 3 potions of haste
 t - 2 potions of heal wounds
 B - 5 potions of agility
 J - a potion of curing
 K - a potion of invisibility
 Q - a potion of cure mutation
 W - a potion of might
Comestibles
 c - 9 bread rations
 i - 10 meat rations


   Skills:
 + Level 24.4 Fighting
 O Level 27 Axes
 + Level 18.0 Armour
 - Level 1.5 Dodging


You had 19 spell levels left.
You didn't know any spells.

Dungeon Overview and Level Annotations

Branches:
Dungeon (15/15)            Temple (1/1) D:6            Lair (8/8) D:11
 Shoals (0/4) Lair:6       Spider (4/4) Lair:4        Slime (0/6) Lair:6
    Orc (2/2) D:10            Elf (3/3) Orc:2        Vaults (0/5) D:13
 Depths (1/5) D:15

Altars:
Ashenzari
Cheibriados
Dithmenos
Elyvilon
Fedhas
Gozag
Kikubaaqudgha
Makhleb
Nemelex Xobeh
Okawaru
Pakellas
Qazlal
Ru
Sif Muna
Trog
Vehumet
Xom
Yredelemnul
Zin
The Shining One
Beogh

Shops:
D:4 *   D:6 %   Orc:1 =   Orc:2 *%?=   Elf:2 %   Depths:1 :([

Portals:
Hell: Lair:8 Depths:1

Annotations:
Depths:1 damerell's ghost, adept DDFi


Innate Abilities, Weirdness & Mutations

You have large cloven feet.
You have a pair of small horns on your head.
Your mind is acute. (Int +2)
You are resistant to hostile enchantments.
You occasionally shout uncontrollably at your foes.
Your muscles are strong. (Str +2)
Your spells are a little harder to cast, but a little more powerful.
You evolve.
Your movements are slightly less encumbered by armour (ER -2).


Message History

The ettin barely misses you.
Okay, then.
Evoke which item? (* to show all) (? for menu, Esc to quit)
Zapping:
S - a wand of heal wounds (5/9)
Press: ? - help, Shift-Dir - straight line, f - you You feel much better.
This wand has 4 charges left.
The ettin hits you with a dire flail!!
* * * LOW HITPOINT WARNING * * *
The ettin closely misses you. The fire dragon breathes flames at you.
The blast of flame hits you!
* * * LOW HITPOINT WARNING * * *
Evoke which item? (* to show all) (? for menu, Esc to quit)
Zapping:
S - a wand of heal wounds (4/9)
Press: ? - help, Shift-Dir - straight line, f - you You feel much better.
This wand has 3 charges left.
The ettin hits you with a dire flail!!
* * * LOW HITPOINT WARNING * * *
The ettin hits you with a dire flail!
You die...

#.....#
#.....#
#.....#
#.....#
#.....#
#.....#
#C....#
#@....#
#.....#
#..D..#
#.....#
#...$.#
#.....####
#.........
#.........
#.?......


You could see a fire dragon and an ettin.

Vanquished Creatures
  Arachne (Spider:3)
  Rupert (Orc:2)
  A deep elf master archer (Elf:3)
  2 deep elf blademasters (Elf:3)
  2 emperor scorpions (Spider:4)
  The ghost of ThereIsNoGod the Executioner, a journeyman MiGl of Makhleb (Orc:2)
  An orc warlord (Orc:1)
  Wiglaf (Spider:4)
  4 ghost moths
  6 deep elf sorcerers
  Louise (Elf:2)
  6 deep elf elementalists
  4 very ugly things (Depths:1)
  6 deep elf demonologists
  A dire elephant (Lair:8)
  A salamander stormcaller (Abyss:2)
  8 deep elf annihilators (Elf:3)
  The ghost of lyrx the Executioner, a journeyman HOBe of Trog (D:14)
  4 deep elf death magi (Elf:3)
  5 vault guards (D:13)
  Josephine (D:14)
  A great orb of eyes (Depths:1)
  5 deep elf high priests
  5 ogre magi
  3 ice dragons
  7 hydras
  A hell beast (Lair:8)
  2 entropy weavers
  A centaur warrior (D:13)
  The ghost of PeterMcNeter the Spear-Bearer, a journeyman DsBe of Trog (D:12)
  26 dancing weapons
  Erica (D:8)
  2 thrashing horrors (Abyss:2)
  24 death yaks
  A queen ant (Lair:5)
  2 hell hogs (Abyss:2)
  A titan zombie (Abyss:2)
  23 deep elf knights
  A wretched star (Abyss:2)
  Sonja (D:14)
  A hell knight (Abyss:2)
  A giant orange brain (Abyss:2)
  8 hill giants
  2 unseen horrors (D:13)
  12 deep elf archers
  An orc knight (D:15)
  7 griffons
  3 wizards
  51 deep elf magi
  A necromancer (D:15)
  9 hornets
  2 oklob plants (Lair:5)
  7 orc sorcerers
  9 ugly things
  3 worldbinders (Abyss:2)
  A sixfirhy (Abyss:2)
  A fire giant zombie (Abyss:2)
  19 orb spiders
  3 cyclopes
  Joseph (D:7)
  12 elephants (Lair:8)
  45 wolf spiders
  3 sirens (Lair:6)
  4 moths of wrath
  8 black mambas
  6 ice statues
  5 centaur zombies
  A smoke demon (Abyss:2)
  4 orange demons
  A naga mage (D:15)
  18 spiny frogs
  2 torpor snails (Spider:2)
  3 gargoyles
  2 kobold demonologists
  6 komodo dragons
  3 rime drakes
  A komodo dragon (shapeshifter) (D:14)
  2 yaktaurs (D:13)
  14 demonic crawlers
  3 ice devils (Lair:8)
  4 hellwings
  43 jumping spiders
  2 ancient zymes (Abyss:2)
  2 red devils (Lair:8)
  A merfolk (shapeshifter) (Abyss:2)
  3 polar bears
  A merfolk (Lair:6)
  16 two-headed ogres
  Prince Ribbit (D:6)
  5 trolls
  30 blink frogs
  2 boulder beetles
  13 raiju (Abyss:2)
  9 slime creatures
  4 water elementals
  2 centaur simulacra (D:15)
  A spriggan (Lair:7)
  3 shadows
  3 air elementals
  8 wraiths
  A wyvern (D:15)
  46 yaks
  2 vampires
  90 redbacks
  27 tarantellas
  6 small abominations (Abyss:2)
  2 fire elementals (Elf:1)
  4 basilisks
  13 hippogriffs
  3 large abominations (Abyss:2)
  A hungry ghost (D:11)
  A chaos spawn (Abyss:2)
  2 mottled dragons
  2 wargs (Orc:1)
  Menkaure (D:6)
  14 water moccasins
  18 soldier ants (Lair:5)
  2 hell hounds (Lair:8)
  14 porcupines
  29 ice beasts
  5 sky beasts
  An eye of draining (D:11)
  24 orc warriors
  A wasp (D:13)
  6 necrophages
  2 phantoms
  3 black bears
  31 ogres
  9 centaurs
  23 wolves
  17 crocodiles
  24 giant frogs
  4 earth elementals
  2 wyvern skeletons
  3 scorpions
  3 wights (D:8)
  5 killer bees (D:11)
  An electric eel (Spider:3)
  2 vampire bats (Lair:7)
  3 howler monkeys
  11 crimson imps
  A giant frog zombie (D:12)
  11 starcursed masses (Abyss:2)
  4 quasits
  2 gnoll shamans
  A hound (D:10)
  5 jellies
  12 orc priests
  8 iguanas
  8 centaur skeletons
  Natasha (thrice) (D:2)
  27 orc wizards
  43 worker ants
  10 sheep
  2 hound skeletons
  3 worker ant zombies
  Robin (D:4)
  16 adders
  13 gnolls
  48 river rats
  2 shadow imps
  15 white imps
  An ufetubus (Abyss:2)
  An ooze (D:3)
  3 adder skeletons
  An adder zombie (D:8)
  3 worms
  5 dart slugs
  5 giant geckos
  100 orcs
  6 ball pythons
  14 bats
  9 giant cockroaches
  26 goblins
  15 hobgoblins
  26 jackals
  5 quokkas
  9 giant newts
  14 kobolds
  2 quokka skeletons
  24 rats
  2 bushes (Lair:7)
  2 crawling corpses (Elf:3)
  26 fungi
  31 plants
1627 creatures vanquished.

Vanquished Creatures (collateral kills)
  A deep elf sorcerer (Elf:3)
  2 deep elf annihilators (Elf:3)
  A deep elf high priest (Elf:3)
  A death knight (D:8)
  5 dancing weapons
  The ghost of PeterMcNeter the Spear-Bearer, a novice DsBe of Trog (D:8)
  A deep elf knight (Elf:3)
  2 hill giants (D:13)
  2 deep elf archers (Elf:3)
  A wolf spider zombie (D:13)
  4 deep elf magi
  A wraith (D:13)
  A fire elemental (Elf:2)
  4 orc warriors
  A centaur (D:8)
  A giant frog (D:8)
  2 scorpions
  A centaur skeleton (D:8)
  2 orc priests
  An iguana (D:8)
  A worker ant (D:12)
  4 orcs
  4 jackals (D:8)
44 creatures vanquished.

Vanquished Creatures (others)
  A ghost moth (Spider:4)
  A deep elf elementalist (Elf:3)
  A deep elf high priest (Elf:3)
  A hell hog (Abyss:2)
  A wolf spider (Spider:4)
  2 tarantellas (Spider:3)
  An orc wizard (D:15)
  2 bushes
  17 fungi
  15 plants
  4 starspawn tentacles (Abyss:2)
  2 starspawn tentacle segments (Abyss:2)
48 creatures vanquished.

Grand Total: 1719 creatures vanquished

Notes
Turn   | Place    | Note
--------------------------------------------------------------
     0 | D:1      | lyrx the Hill Orc Berserker began the quest for the Orb.
     0 | D:1      | Reached XP level 1. HP: 19/19 MP: 1/1
    92 | D:1      | Reached XP level 2. HP: 9/27 MP: 2/2
   455 | D:1      | Reached skill level 5 in Axes
   529 | D:1      | Reached ** piety under Trog
   590 | D:1      | Reached XP level 3. HP: 25/33 MP: 3/3
  1025 | D:2      | Found a basalt altar of Yredelemnul.
  1170 | D:2      | Reached skill level 6 in Axes
  1170 | D:2      | Reached XP level 4. HP: 40/40 MP: 4/4
  1394 | D:2      | Noticed Natasha
  1397 | D:2      | Killed Natasha
  1437 | D:2      | Reached skill level 7 in Axes
  1503 | D:2      | Noticed Natasha
  1508 | D:2      | Killed Natasha
  1508 | D:2      | Reached XP level 5. HP: 46/46 MP: 5/5
  1511 | D:2      | Noticed Natasha
  1522 | D:2      | Killed Natasha
  1914 | D:3      | Reached skill level 8 in Axes
  2126 | D:3      | Found a glowing drain.
  2154 | D:3      | Reached *** piety under Trog
  2286 | Sewer    | Entered a sewer
  2356 | Sewer    | Reached XP level 6. HP: 52/52 MP: 6/6
  2595 | Sewer    | Gained mutation: You are frail (-10% HP). [potion of mutation]
  2595 | Sewer    | Gained mutation: You have sharp fingernails. [potion of mutation]
  3767 | D:4      | Noticed Robin
  3771 | D:4      | Reached skill level 9 in Axes
  3777 | D:4      | Killed Robin
  3783 | D:4      | Reached **** piety under Trog
  3838 | D:4      | Found Zuwet's Assorted Antiques.
  3862 | D:4      | Bought a bone ring for 135 gold pieces
  4033 | D:4      | Noticed a phantom
  4075 | D:4      | Killed a phantom
  4148 | D:4      | Reached skill level 10 in Axes
  4148 | D:4      | Reached XP level 7. HP: 35/52 MP: 7/7
  4168 | D:4      | Found a stormy altar of Qazlal.
  4422 | D:4      | Found a bloodstained altar of Trog.
  4425 | D:4      | Found an iron altar of Okawaru.
  4529 | D:5      | Entered Level 5 of the Dungeon
  4577 | D:5      | Reached skill level 11 in Axes
  4602 | D:5      | Gained mutation: You occasionally shout uncontrollably at your foes. [potion of mutation]
  4602 | D:5      | Gained mutation: You expend magic power (3 MP) to strengthen your wands. [potion of mutation]
  4602 | D:5      | Gained mutation: You have large cloven feet. [potion of mutation]
  4603 | D:5      | Gained mutation: You tend to lose your temper in combat. [potion of mutation]
  4844 | D:5      | Reached XP level 8. HP: 59/59 MP: 8/8
  4855 | D:5      | Reached ***** piety under Trog
  5065 | D:5      | Reached skill level 12 in Axes
  5567 | D:6      | Found Kazxavvof's Food Emporium.
  5610 | D:6      | Noticed a yak
  5610 | D:6      | Noticed a yak
  5611 | D:6      | Noticed a yak
  5618 | D:6      | Killed a yak
  5618 | D:6      | Reached skill level 13 in Axes
  5621 | D:6      | Killed a yak
  5623 | D:6      | Killed a yak
  5623 | D:6      | Reached skill level 14 in Axes
  5630 | D:6      | Reached XP level 9. HP: 62/63 MP: 9/9
  5677 | D:6      | Found a staircase to the Ecumenical Temple.
  5709 | Temple   | Entered the Ecumenical Temple
  6174 | D:6      | Received a gift from Trog
  6227 | D:6      | Noticed Prince Ribbit
  6292 | D:6      | Killed Prince Ribbit
  6292 | D:6      | Reached skill level 15 in Axes
  6507 | D:6      | Found a glowing silver altar of Zin.
  6507 | D:6      | Found a blossoming altar of Fedhas.
  6592 | D:6      | Noticed Menkaure
  6599 | D:6      | Killed Menkaure
  7133 | D:7      | Reached skill level 16 in Axes
  7288 | D:7      | Noticed Joseph
  7299 | D:7      | Killed Joseph
  7299 | D:7      | Reached XP level 10. HP: 49/70 MP: 10/10
  7446 | D:7      | Reached skill level 17 in Axes
  7981 | D:8      | Noticed PeterMcNeter's ghost (novice DsBe)
  7987 | D:8      | Killed PeterMcNeter's ghost
  8229 | D:8      | Noticed a hill giant
  8235 | D:8      | Killed a hill giant
  8235 | D:8      | Reached skill level 18 in Axes
  8263 | D:8      | Got a scorched hand crossbow
  8272 | D:8      | Noticed a death knight
  8279 | D:8      | HP: 2/70 [death knight/halberd (15)]
  8323 | D:8      | Killed a death knight
  8447 | D:8      | Found a glowing silver altar of Zin.
  8711 | D:8      | Found a burning altar of Makhleb.
  8797 | D:8      | Noticed Erica
  8803 | D:8      | Killed Erica
  8803 | D:8      | Reached skill level 19 in Axes
  9099 | D:9      | Reached XP level 11. HP: 74/74 MP: 3/11
  9126 | D:9      | Gained mutation: Your mind is acute. (Int +2) [mutagenic meat]
  9127 | D:9      | Gained mutation: Your spells are a little harder to cast, but a little more powerful. [mutagenic meat]
  9128 | D:9      | Gained mutation: You are occasionally teleported next to monsters. [mutagenic meat]
  9129 | D:9      | Gained mutation: Your body sometimes deteriorates upon taking damage. [mutagenic meat]
  9548 | D:9      | Found an ancient bone altar of Kikubaaqudgha.
  9952 | D:9      | Found a deep blue altar of Sif Muna.
  9964 | D:9      | Found a radiant altar of Vehumet.
 10168 | D:10     | Entered Level 10 of the Dungeon
 10168 | D:10     | Noticed a hill giant
 10174 | D:10     | Killed a hill giant
 10174 | D:10     | Reached skill level 20 in Axes
 10184 | D:10     | Found a staircase to the Orcish Mines.
 10304 | D:10     | Identified the +1 hand crossbow of the Wilderness {venom, *Corrode Str+4 Int+4} (You found it on level 8 of the Dungeon)
 10690 | D:10     | Found a roughly hewn altar of Beogh.
 10702 | D:10     | Received a gift from Trog
 11107 | D:11     | Noticed a hill giant
 11114 | D:11     | Killed a hill giant
 11114 | D:11     | Reached skill level 21 in Axes
 11462 | D:11     | Noticed a hill giant
 11468 | D:11     | Killed a hill giant
 11564 | D:11     | Found a staircase to the Lair.
 11627 | D:12     | Reached XP level 12. HP: 81/81 MP: 4/12
 11640 | D:12     | Reached skill level 22 in Axes
 11720 | D:12     | Noticed PeterMcNeter's ghost (journeyman DsBe)
 11731 | D:12     | Killed PeterMcNeter's ghost
 12071 | D:12     | Gained mutation: Your body often deteriorates upon taking damage. [mutagenic meat]
 12094 | D:12     | Lost mutation: Your body often deteriorates upon taking damage. [potion of mutation]
 12094 | D:12     | Gained mutation: You evolve. [potion of mutation]
 12286 | D:12     | Reached skill level 23 in Axes
 12519 | D:12     | Lost mutation: You tend to lose your temper in combat. [potion of cure mutation]
 12519 | D:12     | Lost mutation: You are frail (-10% HP). [potion of cure mutation]
 12519 | D:12     | Lost mutation: Your body sometimes deteriorates upon taking damage. [potion of cure mutation]
 13054 | D:13     | Noticed a centaur warrior
 13058 | D:13     | Killed a centaur warrior
 13058 | D:13     | Reached skill level 24 in Axes
 13270 | D:13     | Reached XP level 13. HP: 83/96 MP: 4/13
 13286 | D:13     | Found a frozen archway.
 13316 | IceCv    | Entered an ice cave
 13321 | IceCv    | Received a gift from Trog
 13327 | IceCv    | Got an ivory longbow {god gift}
 13329 | IceCv    | Identified the +9 longbow of the Hundredfold Gods {velocity, Int+3 Stlth+} (Trog gifted it to you in an ice cave)
 14034 | IceCv    | Noticed an ice dragon
 14034 | IceCv    | Noticed an ice dragon
 14040 | IceCv    | Killed an ice dragon
 14043 | IceCv    | Killed an ice dragon
 14103 | IceCv    | Got a smoking granite ring
 14125 | IceCv    | Got an ancient steel ring
 14131 | IceCv    | Identified the ring "Luteab" {*Confuse +Fly rElec Dex+3} (You found it in an ice cave)
 14133 | IceCv    | Identified the ring "Xeafamom" {rC+ rN+ Str+3 Stlth-} (You found it in an ice cave)
 14214 | D:13     | Noticed a vault guard
 14335 | D:13     | Noticed a vault guard
 14435 | D:13     | Killed a vault guard
 14957 | D:13     | Noticed a vault guard
 14969 | D:13     | Killed a vault guard
 14969 | D:13     | Reached skill level 25 in Axes
 15039 | D:13     | Killed a vault guard
 15112 | D:13     | Found a gate to the Vaults.
 15112 | D:13     | Noticed a vault guard
 15112 | D:13     | Noticed a vault guard
 15120 | D:13     | Killed a vault guard
 15145 | D:13     | Killed a vault guard
 15741 | D:13     | Got a crystal morningstar
 15748 | D:13     | Identified the cursed +1 morningstar "Cocoakk" {freeze, *Rage rPois Str+2} (You found it on level 13 of the Dungeon)
 16322 | D:14     | Gained mutation: Your magical capacity is low (-10% MP). [mutagenic meat]
 16360 | D:14     | Noticed Sonja
 16377 | D:14     | Reached skill level 26 in Axes
 16383 | D:14     | Killed Sonja
 16721 | D:14     | Found a stormy altar of Qazlal.
 16784 | D:14     | Noticed lyrx's ghost (journeyman HOBe)
 16786 | D:14     | Noticed Josephine
 16794 | D:14     | Killed lyrx's ghost
 16794 | D:14     | Reached XP level 14. HP: 103/103 MP: 4/12
 16806 | D:14     | Killed Josephine
 17296 | D:15     | Entered Level 15 of the Dungeon
 17834 | D:15     | Reached skill level 27 in Axes
 17838 | D:15     | Received a gift from Trog
 17848 | D:15     | Found a staircase to the Depths.
 17947 | D:15     | Reached skill level 5 in Armour
 18524 | Orc:1    | Entered Level 1 of the Orcish Mines
 18548 | Orc:1    | Received a gift from Trog
 18549 | Orc:1    | Found Leosoeto's Jewellery Emporium.
 18578 | Orc:1    | Bought the amulet of Bif Hop {Dismiss Str+6 Int-3} for 649 gold pieces
 18581 | Orc:1    | Bought the ring of Haen {rN+ Str+4 SInv} for 519 gold pieces
 18774 | Orc:2    | Entered Level 2 of the Orcish Mines
 18774 | Orc:2    | Found a staircase to the Elven Halls.
 18904 | Orc:2    | Found a roughly hewn altar of Beogh.
 19127 | Orc:2    | Received a gift from Trog
 19128 | Orc:2    | Noticed ThereIsNoGod's ghost (journeyman MiGl)
 19140 | Orc:2    | Killed ThereIsNoGod's ghost
 19140 | Orc:2    | Reached skill level 5 in Fighting
 19337 | Orc:2    | Noticed Rupert
 19462 | Orc:2    | Killed Rupert
 19556 | Orc:2    | Found Kocit's Jewellery Shoppe.
 19556 | Orc:2    | Found Jerchiesch's Magic Scroll Shop.
 19557 | Orc:2    | Found Efoubb's Food Shop.
 19557 | Orc:2    | Found Qosasm's General Store.
 19583 | Orc:2    | Reached XP level 15. HP: 61/123 MP: 4/13
 19620 | Orc:2    | Bought a scroll of identify for 26 gold pieces
 19620 | Orc:2    | Bought a scroll of identify for 26 gold pieces
 19620 | Orc:2    | Bought a scroll of remove curse for 39 gold pieces
 19620 | Orc:2    | Bought a scroll of enchant weapon for 97 gold pieces
 19620 | Orc:2    | Bought a scroll of remove curse for 39 gold pieces
 19621 | Orc:2    | Bought a scroll of blinking for 97 gold pieces
 19621 | Orc:2    | Bought a potion of cure mutation for 325 gold pieces
 19621 | Orc:2    | Bought a potion of curing for 39 gold pieces
 19855 | Orc:2    | Noticed a deep elf elementalist
 19861 | Orc:2    | Killed a deep elf elementalist
 19994 | Orc:1    | Noticed an orc warlord
 20428 | Orc:1    | Killed an orc warlord
 20503 | Lair:1   | Entered Level 1 of the Lair of Beasts
 20760 | Lair:1   | Gained mutation: You have a pair of small horns on your head. [evolution]
 20764 | Lair:1   | Lost mutation: You expend magic power (3 MP) to strengthen your wands. [potion of cure mutation]
 20764 | Lair:1   | Lost mutation: You have sharp fingernails. [potion of cure mutation]
 20764 | Lair:1   | Lost mutation: Your magical capacity is low (-10% MP). [potion of cure mutation]
 20764 | Lair:1   | Lost mutation: You are occasionally teleported next to monsters. [potion of cure mutation]
 21167 | Lair:2   | Reached skill level 10 in Fighting
 21215 | Lair:2   | Received a gift from Trog
 22044 | Lair:3   | Got a shimmering arbalest
 22051 | Lair:3   | Identified the +7 arbalest of Taqoif {venom, rElec rN+ MR+ MP-9} (You found it on level 3 of the Lair of Beasts)
 22744 | Lair:4   | Found a hole to the Spider Nest.
 22751 | Lair:4   | Received a gift from Trog
 22903 | Lair:4   | Reached ****** piety under Trog
 23320 | Lair:5   | Reached skill level 10 in Armour
 23827 | Lair:5   | Received a gift from Trog
 24262 | Lair:6   | Found a staircase to the Slime Pits.
 24294 | Lair:6   | Identified a scroll of acquirement
 24300 | Lair:6   | Got a steaming hat
 24306 | Lair:6   | Identified the -7 hat of Muq Tubuych {MP+9} (You acquired it on level 6 of the Lair of Beasts)
 24398 | Lair:6   | Reached XP level 16. HP: 138/144 MP: 5/16
 24399 | Lair:6   | Found a staircase to the Shoals.
 24672 | Lair:6   | Received a gift from Trog
 24693 | Lair:6   | Got a slimy battleaxe {god gift}
 24695 | Lair:6   | Identified the +1 battleaxe of Symmetry {chop, rC+} (Trog gifted it to you on level 6 of the Lair of Beasts)
 25256 | Lair:7   | Received a gift from Trog
 25514 | Lair:7   | Reached skill level 15 in Fighting
 26063 | Lair:8   | Entered Level 8 of the Lair of Beasts
 26092 | Lair:8   | Received a gift from Trog
 26611 | Lair:8   | Gained mutation: Your muscles are strong. (Str +2) [evolution]
 26825 | Lair:8   | Found a burning altar of Makhleb.
 26831 | Lair:8   | Received a gift from Trog
 26837 | Lair:8   | Reached XP level 17. HP: 157/157 MP: 5/17
 26886 | Lair:8   | Found a gateway to Hell.
 27619 | Elf:1    | Entered Level 1 of the Elven Halls
 27694 | Elf:1    | Got a pair of brightly glowing boots
 27705 | Elf:1    | Identified the +1 pair of boots of Zigoc {Dex+4} (You acquired it on level 1 of the Elven Halls)
 28274 | Elf:1    | Received a gift from Trog
 28297 | Elf:1    | HP: 7/163 [deep elf mage/bolt of lightning (26)]
 28831 | Elf:1    | Got a heavily runed cloak
 28842 | Elf:1    | Identified the +0 cloak "Roemmurol" {rPois} (You acquired it on level 1 of the Elven Halls)
 29083 | Elf:2    | Found Wipeq's Food Shoppe.
 29644 | Elf:2    | Found a huge runed gate.
 29644 | Elf:2    | Found a huge runed gate.
 29644 | Elf:2    | Found a huge runed gate.
 29913 | Elf:2    | Received a gift from Trog
 30100 | Elf:2    | Reached XP level 18. HP: 176/176 MP: 6/18
 30372 | Elf:2    | Found an ancient bone altar of Kikubaaqudgha.
 30410 | Elf:2    | Noticed Louise
 30532 | Elf:2    | Killed Louise
 30605 | Elf:3    | Entered Level 3 of the Elven Halls
 30795 | Elf:3    | Noticed a deep elf blademaster
 30801 | Elf:3    | Killed a deep elf blademaster
 30807 | Elf:3    | Received a gift from Trog
 30950 | Elf:3    | Noticed a deep elf blademaster
 30981 | Elf:3    | Cast into level 2 of the Abyss (a deep elf sorcerer)
 31111 | Elf:3    | Escaped the Abyss
 31120 | Elf:3    | Reached skill level 15 in Armour
 31520 | Elf:3    | Received a gift from Trog
 31524 | Elf:3    | Got an encrusted battleaxe {god gift}
 31525 | Elf:3    | Identified the +2 battleaxe of Massacring {venom, rPois rF+ MR- Dex+6} (Trog gifted it to you on level 3 of the Elven Halls)
 31582 | Elf:3    | Killed a deep elf blademaster
 32656 | Elf:3    | Noticed a deep elf master archer
 32660 | Elf:3    | Cast into level 2 of the Abyss (a deep elf sorcerer)
 32661 | Abyss:2  | Found a corrupted altar of Lugonu.
 32805 | Abyss:2  | Noticed a lich
 32839 | Abyss:2  | Reached XP level 19. HP: 70/170 MP: 5/17
 32880 | Abyss:2  | Noticed a bone dragon
 33397 | Elf:3    | Escaped the Abyss
 33828 | Elf:3    | Received a gift from Trog
 34454 | Elf:3    | Got a fine scale mail
 34465 | Elf:3    | Identified the +2 scale mail of Repulsion {Str+3} (You found it on level 3 of the Elven Halls)
 35195 | Spider:1 | Entered Level 1 of the Spider Nest
 36170 | Spider:2 | Received a gift from Trog
 36765 | Spider:2 | Gained mutation: You are resistant to hostile enchantments. [evolution]
 37328 | Spider:3 | Reached XP level 20. HP: 203/203 MP: 20/20
 37330 | Spider:3 | Noticed Arachne
 37355 | Spider:3 | Received a gift from Trog
 37883 | Spider:3 | Got an iridescent battleaxe {god gift}
 38014 | Spider:3 | Killed Arachne
 38434 | Spider:4 | Entered Level 4 of the Spider Nest
 38767 | Spider:4 | Noticed Wiglaf
 38787 | Spider:4 | Killed Wiglaf
 39302 | Spider:4 | Received a gift from Trog
 39915 | Spider:4 | Got a gossamer rune of Zot
 40216 | Lair:2   | Identified the +11 battleaxe of Fixation {chop, Dex+2} (Trog gifted it to you on level 3 of the Spider Nest)
 40419 | D:13     | Gained mutation: Your movements are slightly less encumbered by armour (ER -2). [evolution]
 40495 | Depths:1 | Entered Level 1 of the Depths
 40513 | Depths:1 | Found Kuseyrch's Armour Boutique.
 40516 | Depths:1 | Bought the +10 plate armour "Hyptyej" {+Fly Slay+3} for 1041 gold pieces
 40568 | Depths:1 | Found Neozoc's Antique Weapon Shop.
 40576 | Depths:1 | Found Ibottumunt's Book Shoppe.
 40578 | Depths:1 | Noticed damerell's ghost (adept DDFi)
 40612 | Depths:1 | HP: 10/207 [ettin/dire flail (34)]
 40612 | Depths:1 | Slain by an ettin

Skill      XL: |  1  2  3  4  5  6  7  8  9 10 11 12 13 14 15 16 17 18 19 20 |
---------------+-------------------------------------------------------------+-----
Axes           | 5 6 7 8 10 11 14 16 19 21 24 26 27 | 27.0
Armour         | 7 10 12 14 15 16 18 | 18.0
Fighting       | 8 13 16 19 21 23 24 | 24.4
Dodging        | |  1.5

Action                   |  1- 3 |  4- 6 |  7- 9 | 10-12 | 13-15 | 16-18 | 19-21 || total
-------------------------+-------+-------+-------+-------+-------+-------+-------++-------
Melee: Hand axe          |    97 |   605 |   121 |       |       |       |       ||   823
       War axe           |       |       |   302 |    28 |       |       |       ||   330
       Kick              |       |       |    93 |    29 |       |       |       ||   122
       Executioner's axe |       |       |       |   480 |   866 |   863 |   131 ||  2340
       Headbutt          |       |       |       |       |    95 |   222 |   214 ||   531
       Battleaxe         |       |       |       |       |       |       |   613 ||   613
 Fire: Blowgun           |       |       |       |       |    32 |       |       ||    32
Invok: Berserk           |     4 |     7 |     8 |    25 |    25 |    18 |     9 ||    96
       Trog's Hand       |     1 |     2 |     1 |     6 |     1 |     7 |     7 ||    25
       Burn Spellbooks   |       |       |     1 |     2 |     7 |     3 |     2 ||    15
       Brothers in Arms  |       |       |       |     6 |     5 |     8 |     1 ||    20
 Abil: Evoke Flight      |       |       |       |       |     2 |     1 |     2 ||     5
Evoke: Wand              |       |       |       |     1 |     1 |    12 |    18 ||    32
       Stone of tremors  |       |       |       |       |       |     1 |       ||     1
  Use: Scroll            |       |    10 |       |    19 |    10 |    15 |     9 ||    63
       Potion            |       |     7 |     2 |    12 |    10 |     3 |     8 ||    42
 Stab: Distracted        |       |       |       |       |       |     2 |       ||     2
  Eat: Chunk             |     4 |    17 |    17 |    43 |    41 |    28 |     2 ||   152
       Beef jerky        |       |     2 |       |     4 |     2 |     2 |     3 ||    13
       Pizza             |       |       |     1 |       |       |     1 |     1 ||     3
       Fruit             |       |       |       |     5 |     2 |     8 |     4 ||    19
       Royal jelly       |       |       |       |     2 |       |     2 |       ||     4
       Bread ration      |       |       |       |     1 |     4 |       |     3 ||     8
       Meat ration       |       |       |       |     1 |       |     1 |     4 ||     6
Armor: Animal skin       |    14 |       |       |       |       |       |       ||    14
       Leather armour    |    13 |       |       |       |       |       |       ||    13
       Ring mail         |     3 |   115 |   160 |   144 |       |       |       ||   422
       Plate armour      |       |       |       |   138 |   380 |   471 |   639 ||  1628
       Skin              |       |       |       |     4 |       |       |       ||     4
       Chain mail        |       |       |       |       |    85 |       |       ||    85
Dodge: Dodged            |    72 |   182 |   193 |   210 |   273 |   239 |   394 ||  1563
